 Dungeon Crawl Stone Soup version 0.25-a0-578-gc91f01c (webtiles) character file.

Game seed: 1981563531654717777, levelgen mode: deterministic

7696 Faels the Slicer (level 11, -7/75 HPs)
             Began as a Demonspawn Fighter on Mar 7, 2020.
             Was a High Priest of Okawaru.
             Mangled by a crocodile (12 damage)
             ... on level 8 of the Dungeon.
             The game lasted 00:48:06 (13932 turns).

Faels the Slicer (Demonspawn Fighter)              Turns: 13932, Time: 00:48:07

Health: -7/75      AC:  5    Str: 16    XL:     11   Next: 0%
Magic:  18/18      EV: 14    Int: 10    God:    Okawaru [*****.]
Gold:   163        SH:  5    Dex: 18    Spells: 11/19 levels left

rFire    . . .     SeeInvis +   a - +2 rapier
rCold    + . .     Gourm    .   K - +0 buckler (curse)
rNeg     . . .     Faith    .   I - +1 leather armour of Discretion {Regen+ SInv}
rPois    .         Spirit   .   l - +0 helmet
rElec    .         Reflect  .   (no cloak)
rCorr    .         Harm     .   (no gloves)
MR       .....                  (boots unavailable)
Stlth    +.........             v - amulet of magic regeneration
HPRegen  0.62/turn              (no ring)
MPRegen  0.41/turn              (no ring)

@: no status effects
A: hooves 3, see invisible, agile 1, blink, cold resistance 1, demonic guardian
1, evolution 1, sturdy frame 1
a: Blink, Heroism, Finesse, Renounce Religion


You were on level 8 of the Dungeon.
You worshipped Okawaru.
Okawaru was extremely pleased with you.
You were very hungry.

You visited 3 branches of the dungeon, and saw 12 of its levels.

You collected 416 gold pieces.
You spent 253 gold pieces at shops.

Inventory:

Hand Weapons
 a - a +2 rapier (weapon)
 u - a +0 flail of holy wrath
 w - a +2 vampiric trident
 F - a +4 scimitar of flaming
 J - a +2 whip of electrocution
 L - a +5 spear of flaming
 N - the +9 longbow of the Scorpion {venom, *Drain rElec Str+2 Int+3, unknown}
   (Okawaru gifted it to you on level 9 of the Dungeon)

   It poisons the ammo it fires.
   It affects your strength (+2).
   It affects your intelligence (+3).
   It insulates you from electricity.
   It causes draining when unequipped.
Missiles
 n - 15 boomerangs
 s - 6 atropa-tipped darts
 D - 3 curare-tipped darts
 M - 3 javelins (quivered)
Armour
 b - a +0 scale mail
 c - a +1 kite shield
 g - a +0 chain mail
 l - a +0 helmet (worn)
 I - the +1 leather armour of Discretion (worn) {Regen+ SInv}
   (You found it on level 7 of the Dungeon)

   It lets you see invisible.
   It increases your rate of regeneration.
   If you remove this armour, your AC will decrease by 4 (5 -> 1).
 K - a cursed +0 buckler (worn)
Jewellery
 p - an uncursed ring of fire
 v - an amulet of magic regeneration (around neck)
Wands
 r - a wand of flame (18)
 A - a wand of paralysis (5)
 E - a wand of random effects (15)
 G - a wand of polymorph (6)
Scrolls
 j - 9 scrolls of remove curse
 q - 2 scrolls of teleportation
 t - 2 scrolls of blinking
 x - 6 scrolls of magic mapping
 y - 2 scrolls of fog
 B - 2 scrolls of amnesia
Potions
 d - 4 potions of curing {unknown}
 e - 4 potions of flight
 h - a potion of resistance
 i - a potion of invisibility
 k - 3 potions of cancellation
 m - 2 potions of mutation
 o - a potion of stabbing
 H - a potion of magic {unknown}
 O - 2 potions of haste
Comestibles
 f - 19 rations


   Skills:
 - Level 3.0 Fighting
 * Level 12.5 Short Blades
 - Level 2.6 Armour
 - Level 3.8 Dodging
 - Level 4.0 Shields
 - Level 4.9 Spellcasting
 + Level 5.6 Hexes


You had 11 spell levels left.
You knew the following spells:

 Your Spells              Type           Power        Failure   Level  Hunger
a - Confusing Touch       Hex            ##......     7%          3    ###....
b - Gell's Gravitas       Tloc           #.........   58%         3    ###....
c - Slow                  Hex            ##......     3%          2    ##.....

Your spell library contained the following spells:

 Spells                   Type           Power        Failure   Level  Hunger
 Magic Dart               Conj           #...         24%         1    #......
 Blink                    Tloc           N/A          36%         2    ##.....
 Call Imp                 Summ           #.......     36%         2    ##.....
 Conjure Flame            Conj/Fire      #.......     58%         3    ###....
 Mephitic Cloud           Conj/Pois/Air  #.......     58%         3    ###....
 Metabolic Englaciation   Hex/Ice        #.........   91%         5    ######.
 Yara's Violent Unravell  Hex/Tmut       #.........   91%         5    ######.
 Petrify                  Tmut/Erth      #.......     94%         4    #####..


Dungeon Overview and Level Annotations

Branches:
Dungeon (10/15)            Temple (1/1) D:4            Lair (1/6) D:8
    Orc (0/2) D:9

Altars:
Ashenzari
Cheibriados
Dithmenos
Elyvilon
Fedhas
Gozag
Hepliaklqana
Kikubaaqudgha
Makhleb
Nemelex Xobeh
Okawaru
Qazlal
Ru
Sif Muna
Trog
Uskayaw
Vehumet
Wu Jian
Xom
Yredelemnul
Zin
The Shining One

Shops:
D:4 *   D:8 %*

Annotations:
D:10 catcat's ghost, journeyman HOFi


Innate Abilities, Weirdness & Mutations

You have hooves in place of feet.
Your flesh is cold resistant. (rC+)
A weak demonic guardian rushes to your aid.
Your movements are slightly less encumbered by armour. (ER -2)
You have supernaturally acute eyesight. (SInv)
You are agile. (Dex +2)
You can translocate small distances at will.
You evolve.


Message History

Evoke which item? (* to show all) (? for menu, Esc to quit)
Okay, then.
Evoke which item? (* to show all) (? for menu, Esc to quit)
Aiming: Paralyse
Press: ? - help, Shift-Dir - straight line, f/p - crocodile
Aim: a crocodile (chance to defeat MR: 46%)
The crocodile resists with some effort.
The crocodile completely misses you.
You hit the crocodile but do no damage. You kick the crocodile.
The crocodile is moderately wounded.
The crocodile closely misses you.
You hit the crocodile.
The crocodile is moderately wounded.
You completely miss the crocodile.
The crocodile is moderately wounded.
The crocodile bites you!
* * * LOW HITPOINT WARNING * * *
You closely miss the crocodile.
The crocodile is moderately wounded.
The crocodile bites you!
You die...

.....##..##..#....'[....##.##
''#).##......#....#..#'###..##
[.##.###......)...#⌠.#((##...###
..##..######......#######......##
###...## ##.......#####........#
##.....# #.>..............#....#
.......# ##.............#.......
..#....####....t.................
..#.....##......@............≈...
........#...##...................
............#...#..........#.∩.≈.
........................#........
#.............#...##.........§...
..........##..#..####...#........
#..###........#### #####.....###
#### ###.......# #######
####...##


You could see a crocodile.

Vanquished Creatures
  A two-headed ogre (D:9)
  Erica (D:9)
  Pikel (D:9)
  A troll (D:9)
  2 hippogriffs (D:7)
  A wyvern (D:8)
  2 hungry ghosts
  4 wargs (D:9)
  3 ice beasts
  2 sky beasts
  2 orc warriors
  4 slaves (D:9)
  2 phantoms
  A wolf (D:8)
  2 ogres
  4 centaurs
  A crocodile (D:9)
  A big kobold (D:10)
  4 bullfrogs
  4 gnoll sergeants
  2 wyvern skeletons
  3 scorpions
  A wight (D:9)
  A crimson imp (D:10)
  4 bullfrog zombies
  2 jellies
  3 orc priests
  4 gnoll shamans (D:8)
  2 centaur skeletons
  6 hounds
  3 orc wizards
  2 bullfrog skeletons
  6 iguanas
  10 worker ants
  A hound skeleton (D:9)
  30 gnolls
  13 adders
  A shadow imp (D:8)
  3 white imps (D:10)
  A worker ant simulacrum (D:10)
  4 oozes
  An adder skeleton (D:8)
  2 worms
  6 dart slugs
  3 leopard geckos
  27 orcs
  A ball python (D:1)
  3 giant cockroaches
  5 goblins
  9 hobgoblins
  18 jackals
  6 quokkas
  6 bats
  11 frilled lizards
  9 kobolds
  A leopard gecko skeleton (D:6)
  A leopard gecko zombie (D:6)
  9 rats
263 creatures vanquished.

Vanquished Creatures (collateral kills)
  Prince Ribbit (D:6)
  A hippogriff (D:7)
  A hungry ghost (D:7)
  Edmund (D:6)
  2 ice beasts
  An ogre (D:5)
  A bullfrog (D:8)
  A scorpion (D:4)
  An orc priest (D:6)
  2 worker ant zombies
  2 gnolls (D:2)
  An adder (D:6)
  An orc (D:6)
  A bat (D:2)
  2 jackals
19 creatures vanquished.

Grand Total: 282 creatures vanquished

Notes
Turn   | Place    | Note
-------+----------+-------------------------------------------
     0 | D:1      | Faels the Demonspawn Fighter began the quest for the Orb.
     0 | D:1      | Reached XP level 1. HP: 18/18 MP: 1/1
    84 | D:1      | You fall into a shaft and drop 1 floor!
    95 | D:2      | Reached skill level 2 in Short Blades
   179 | D:2      | Gained mutation: A weak demonic guardian rushes to your
                  | aid. [demonic ancestry]
   179 | D:2      | Reached XP level 2. HP: 20/24 MP: 2/2
   337 | D:2      | Reached skill level 1 in Dodging
   445 | D:2      | Reached skill level 3 in Short Blades
   445 | D:2      | Reached XP level 3. HP: 29/29 MP: 3/3
  1711 | D:1      | Reached XP level 4. HP: 13/35 MP: 4/4
  2121 | D:2      | Found a snail-covered altar of Cheibriados.
  2261 | D:2      | Reached skill level 4 in Short Blades
  2835 | D:2      | Gained mutation: You have large cloven feet. [demonic
                  | ancestry]
  2835 | D:2      | Reached XP level 5. HP: 29/41 MP: 5/5
  3494 | D:3      | Reached skill level 5 in Short Blades
  4302 | D:3      | Found a blossoming altar of Fedhas.
  4503 | D:4      | Reached XP level 6. HP: 44/47 MP: 6/6
  4516 | D:4      | Found a staircase to the Ecumenical Temple.
  4576 | Temple   | Entered the Ecumenical Temple
  4610 | Temple   | Became a worshipper of Warmaster Okawaru
  4710 | D:4      | Reached skill level 6 in Short Blades
  4914 | D:4      | Found Lelug's General Store.
  4953 | D:4      | Bought a potion of mutation for 88 gold pieces
  4953 | D:4      | Bought a scroll of remove curse for 33 gold pieces
  4993 | D:4      | Gained mutation: You evolve. [potion of mutation]
  4993 | D:4      | Gained mutation: You have supernaturally acute eyesight.
                  | (SInv) [potion of mutation]
  5546 | D:5      | Entered Level 5 of the Dungeon
  5715 | D:4      | Gained mutation: You have hoof-like feet. [demonic
                  | ancestry]
  5715 | D:4      | Reached XP level 7. HP: 44/52 MP: 7/7
  5779 | D:5      | Reached * piety under Okawaru
  6000 | D:5      | Reached skill level 7 in Short Blades
  6508 | D:5      | Gained mutation: You can translocate small distances at
                  | will. [evolution]
  7386 | D:6      | Noticed Prince Ribbit
  7391 | D:6      | Killed Prince Ribbit
  7391 | D:6      | Reached ** piety under Okawaru
  7391 | D:6      | Reached skill level 8 in Short Blades
  7391 | D:6      | Gained mutation: You have hooves in place of feet. [demonic
                  | ancestry]
  7391 | D:6      | Reached XP level 8. HP: 58/58 MP: 8/8
  7872 | D:6      | Noticed Edmund
  7875 | D:6      | Found a bloodstained altar of Trog.
  7880 | D:6      | Killed Edmund
  7880 | D:6      | Reached skill level 9 in Short Blades
  8198 | D:7      | Noticed a hippogriff
  8211 | D:7      | Killed a hippogriff
  8211 | D:7      | Reached *** piety under Okawaru
  8470 | D:7      | Reached skill level 10 in Short Blades
  8470 | D:7      | Reached XP level 9. HP: 63/63 MP: 9/9
  8586 | D:7      | Got an obsidian-encrusted leather armour
  8587 | D:7      | Identified the +1 leather armour of Discretion {Regen+
                  | SInv} (You found it on level 7 of the Dungeon)
  8623 | D:7      | Learned a level 3 spell: Confusing Touch
  9262 | D:8      | Reached skill level 11 in Short Blades
  9327 | D:8      | Reached **** piety under Okawaru
  9729 | D:8      | Learned a level 3 spell: Gell's Gravitas
 10174 | D:8      | Found Cuttecuck's Food Shoppe.
 10254 | D:8      | Reached skill level 1 in Spellcasting
 10254 | D:8      | Reached skill level 1 in Hexes
 10344 | D:8      | Found a staircase to the Lair.
 10512 | D:8      | Found Vevump's Elemental Accessories.
 10520 | D:8      | Bought a wand of iceblast (7) for 132 gold pieces
 10624 | D:8      | Found a faded altar of an unknown god.
 10624 | D:8      | Found a white marble altar of Elyvilon.
 10629 | D:8      | Found a shimmering blue altar of Sif Muna.
 10631 | D:8      | Found a radiant altar of Vehumet.
 10633 | D:8      | Found a faded altar of an unknown god.
 10775 | D:9      | Gained mutation: Your flesh is cold resistant. (rC+)
                  | [demonic ancestry]
 10775 | D:9      | Reached XP level 10. HP: 69/70 MP: 12/12
 10868 | D:9      | Noticed Pikel
 10883 | D:9      | Killed Pikel
 10883 | D:9      | Reached ***** piety under Okawaru
 11150 | D:9      | Noticed Erica
 11171 | D:9      | Killed Erica
 11171 | D:9      | Reached skill level 12 in Short Blades
 11294 | D:9      | You fall into a shaft and drop 1 floor!
 11294 | D:10     | Entered Level 10 of the Dungeon
 11423 | D:9      | Noticed a two-headed ogre
 11504 | D:9      | Killed a two-headed ogre
 12053 | D:9      | Found a staircase to the Orcish Mines.
 12093 | D:9      | Reached skill level 5 in Hexes
 12296 | D:9      | Received a gift from Okawaru
 12297 | D:9      | Got an iridescent longbow {god gift}
 12587 | D:9      | Found a glowing golden altar of the Shining One.
 12776 | D:10     | Gained mutation: You are agile. (Dex +2) [evolution]
 12946 | D:10     | Found a runed translucent gate.
 12946 | D:10     | Found a runed translucent gate.
 12946 | D:10     | Found a runed translucent gate.
 13107 | D:10     | Noticed catcat's ghost (journeyman HOFi)
 13203 | D:10     | Learned a level 2 spell: Slow
 13774 | D:10     | Gained mutation: Your movements are slightly less
                  | encumbered by armour. (ER -2) [demonic ancestry]
 13774 | D:10     | Reached XP level 11. HP: 74/75 MP: 18/18
 13890 | Lair:1   | Entered Level 1 of the Lair of Beasts
 13932 | D:8      | Mangled by a crocodile

Levels and vault maps discovered:
D:1:      dpeg_arrival_castle, layout_basic
D:2:      minmay_chambers_of_twos, layout_basic, cheibriados_altar_1,
          minmay_3d_cube
D:3:      layout_loops_ring, lemuel_coloured_pillars_altar, first_ration,
          skrybe_limestone_x
D:4:      layout_basic, minmay_temple_entry_mist, serial_shops,
          kennysheep_little_box, supply_closet_lemuel
D:5:      layout_loops_ring
D:6:      layout_rooms, bloody_trog, hangedman_decor_push, uniq_prince_ribbit1,
          uniq_edmund
D:7:      layout_basic, the_bakery
D:8:      layout_cave_pools, chequers_temple_overflow_minitemple,
          lair_entry_dummy, serial_gnoll_camp, gnoll_camp_mini_hut,
          gnoll_camp_mini_shop, gnoll_camp_huts_basic, gnoll_camp_mini_house,
          gnoll_camp_mini_hut, minmay_holes, nicolae_elemental_shop
D:9:      layout_basic, tso_altar, minmay_orc_entry_guard_dogs,
          kennysheep_generic_room_5, uniq_pikel, uniq_erica
D:10:     layout_roguey, gammafunk_ghost_icy
Temple:   eino_wide_crystal_templ
Lair:1:   layout_regular_city

Skill      XL: |  1  2  3  4  5  6  7  8  9 10 |
---------------+-------------------------------+-----
Short Blades   | 2 3 4 5 6 8 10 11 12 | 12.5
Dodging        | 1 3 |  3.8
Shields        | 4 |  4.0
Spellcasting   | 1 4 |  4.9
Hexes          | 2 5 |  5.6
Fighting       | |  3.0
Armour         | |  2.6

Action                   |  1- 3 |  4- 6 |  7- 9 | 10-12 || total
-------------------------+-------+-------+-------+-------++-------
Melee: Rapier            |   143 |   388 |   444 |   339 ||  1314
       Kick              |       |    62 |   152 |   123 ||   337
Throw: Boomerang         |       |     5 |     9 |       ||    14
       Javelin           |       |       |     4 |    13 ||    17
       Dart              |       |       |     2 |       ||     2
Invok: Heroism           |       |       |     1 |     7 ||     8
       Finesse           |       |       |       |     2 ||     2
 Abil: Blink             |       |       |     2 |     6 ||     8
Evoke: Wand              |       |       |     6 |    13 ||    19
  Use: Potion            |     1 |     1 |       |     1 ||     3
       Scroll            |       |     8 |     7 |     9 ||    24
 Stab: Paralysed         |       |       |     3 |     2 ||     5
       Distracted        |       |       |     4 |       ||     4
  Eat: Chunk             |     3 |    12 |    17 |     8 ||    40
       Ration            |       |       |     1 |     1 ||     2
Armor: Scale mail        |    50 |   126 |       |       ||   176
       Chain mail        |       |    13 |   107 |       ||   120
       Leather armour    |       |       |    12 |    28 ||    40
Dodge: Dodged            |    36 |    97 |    95 |    99 ||   327
Block: Kite shield       |    46 |   200 |   139 |       ||   385
       Buckler           |       |       |    20 |    63 ||    83

Table legend:
 A = Non-vault XP
 B = Vault XP
 C = Vault XP percentage of total XP
 D = Non-vault monster count
 E = Vault monster count
 F = Vault count percentage of total count
                 A         B        C        D         E       F
            +---------+---------+-------+---------+---------+-------
      Total |    7657 |    3338 |  30.4 |     228 |      50 |  18.0
            +---------+---------+-------+---------+---------+-------
        D:1 |      51 |       0 |   0.0 |      18 |       0 |   0.0
        D:2 |     133 |      44 |  24.9 |      33 |      12 |  26.7
        D:3 |     135 |       0 |   0.0 |      32 |       0 |   0.0
        D:4 |     380 |       0 |   0.0 |      17 |       0 |   0.0
        D:5 |     471 |       0 |   0.0 |      13 |       0 |   0.0
        D:6 |     477 |     383 |  44.5 |      24 |       2 |   7.7
        D:7 |    1748 |       0 |   0.0 |      20 |       0 |   0.0
        D:8 |     944 |     682 |  41.9 |      20 |      22 |  52.4
        D:9 |    2501 |    1919 |  43.4 |      25 |       8 |  24.2
       D:10 |     817 |     310 |  27.5 |      26 |       6 |  18.8
            +---------+---------+-------+---------+---------+-------
